 Dungeon Crawl Stone Soup version 0.30.1-4-g462c640d31 (webtiles) character file.

Game seed: 16357223892350126806

1022 booth the Chopper (level 8, -7/70 HPs)
             Began as a Hill Orc Fighter on Sept 3, 2023.
             Was a Follower of Beogh.
             Mangled by a hornet (12 damage)
             ... on level 6 of the Dungeon.
             The game lasted 00:27:40 (5039 turns).

booth the Chopper (Hill Orc Fighter)                Turns: 5039, Time: 00:27:41

Health: -7/70      AC: 16    Str: 19    XL:     8   Next: 22%
Magic:  0/8        EV:  9    Int: 10    God:    Beogh [*.....]
Gold:   213        SH:  5    Dex: 10    Spells: 7/7 levels left

rFire   . . .        a - +0 war axe (protect)
rCold   . . .        c - +0 buckler
rNeg    . . .        b - +0 scale mail
rPois   .            (no helmet)
rElec   .            t - +1 cloak
rCorr   .            (no gloves)
SInv    .            (no boots)
Will    .....        r - amulet of guardian spirit Stlth
                     (no ring)
HPRegen 0.31/turn    (no ring)
MPRegen 0.11/turn

%: guardian spirit
@: under a protective aura, slowed, very slow
A: no striking features
a: Renounce Religion


You were on level 6 of the Dungeon.
You worshipped Beogh.
Beogh was aware of your devotion.
You visited 1 branch of the dungeon, and saw 6 of its levels.

You collected 388 gold pieces.
You spent 175 gold pieces at shops.

Inventory:

Hand Weapons
 a - a +0 war axe of protection (weapon)
 o - a +0 flail
Missiles
 m - 2 boomerangs (quivered)
Armour
 b - a +0 scale mail (worn)
 c - a +0 buckler (worn)
 s - a +0 kite shield
 t - a +1 cloak (worn)
Jewellery
 r - an amulet of guardian spirit (around neck)
Wands
 n - a wand of flame (14)
Scrolls
 h - a scroll of magic mapping
 i - a scroll of poison
 k - a scroll of immolation {unknown}
 l - a scroll of silence
Potions
 d - a potion of might
 f - 2 potions of flight
 g - a potion of curing
 j - 3 potions of attraction
 u - a potion of berserk rage {unknown}


   Skills:
 + Level 5.7 Fighting
 * Level 7.5(8.1) Axes
 + Level 3.6(5.4) Maces & Flails
 + Level 5.3 Armour
 + Level 5.3 Shields


You had 7 spell levels left.
You didn't know any spells.
Your spell library was empty.

Dungeon Overview and Level Annotations

Branches:
Dungeon (6/15)             Temple (0/1) D:5

Altars:
Ashenzari
Okawaru
Ru
The Shining One

Shops:
D:2 *

Annotations:
D:4 1 runed translucent door, ranchalot's ghost, amateur DsCK


Message History

Press: ? - help, Q - select action, (/) - cycle Shift-Dir - straight line, f/p - hornet
Aim: a hornet (42% to hit)
You throw a poisoned dart. The poisoned dart misses the hornet.
Throw: 4 darts (poison)
Press: ? - help, Q - select action, (/) - cycle Shift-Dir - straight line, f/p - hornet
Aim: a hornet (42% to hit)
You throw a poisoned dart. The poisoned dart hits the hornet.
Throw: 3 darts (poison)
Press: ? - help, Q - select action, (/) - cycle Shift-Dir - straight line, f/p - hornet
Aim: a hornet (42% to hit)
You throw a poisoned dart.
The poisoned dart closely misses the hornet.
Throw: 2 darts (poison)
Press: ? - help, Q - select action, (/) - cycle Shift-Dir - straight line, f/p - hornet
Aim: a hornet (42% to hit)
You throw a poisoned dart.
The poisoned dart completely misses the hornet.
The hornet stings you.
You feel yourself slow down.
Throw: dart (poison)
Press: ? - help, Q - select action, (/) - cycle Shift-Dir - straight line, f/p - hornet
Aim: a hornet (42% to hit)
You throw a poisoned dart.
The poisoned dart closely misses the hornet.
The hornet stings you but does no damage.
The hornet stings you!
You suddenly lose the ability to move!
You feel yourself speed up. The hornet stings you.
You shrug off the repeated paralysis!
You can move again.
You hit the hornet but do no damage.
Your weapon exudes an aura of protection.
The hornet stings you!
* * * LOW HITPOINT WARNING * * *
You feel yourself slow down. You block the hornet's attack.
You completely miss the hornet.
You feel yourself speed up.
The hornet stings you but does no damage.
The hornet stings you!
* * * LOW HITPOINT WARNING * * *
You feel yourself slow down. The hornet stings you!
You die...

#..........#
##.......
#..........##
#.......
#...........#
##......
###...........##
#......
......>........#
##...##
.####..........##
##.##
#...........# ###
##..........#
##@y.....(.##
###.....(..#
####....##
####..### ##...#
###(...# .......
........
#........


You could see a hornet.

Vanquished Creatures
  A black bear (D:4)
  3 ogres
  A phantom (D:4)
  4 scorpions
  4 hounds
  Crazy Yiuf (D:5)
  A jelly (D:5)
  An orc wizard (D:4)
  5 adders
  6 worms
  2 dart slugs
  8 orcs
  8 bats
  5 endoplasms
  3 giant cockroaches
  5 goblins
  9 hobgoblins
  8 jackals
  10 kobolds
  7 quokkas
  5 ball pythons
  2 frilled lizards
  4 rats
103 creatures vanquished.

Vanquished Creatures (others)
  An orc priest (D:4)
  2 orcs (D:4)
  2 endoplasms (D:4)
  A goblin (D:4)
6 creatures vanquished.

Grand Total: 109 creatures vanquished

Notes
Turn   | Place    | Note
-------+----------+-------------------------------------------
     0 | D:1      | booth the Hill Orc Fighter began the quest for the Orb.
     0 | D:1      | Reached XP level 1. HP: 19/19 MP: 1/1
    54 | D:1      | Found a faded altar of an unknown god.
   250 | D:1      | Reached skill level 3 in Axes
   250 | D:1      | Reached XP level 2. HP: 27/27 MP: 2/2
   515 | D:1      | Reached XP level 3. HP: 33/33 MP: 3/3
  1183 | D:2      | Reached skill level 1 in Maces & Flails
  1183 | D:2      | Reached XP level 4. HP: 25/40 MP: 4/4
  1253 | D:2      | Found Mekyusm's General Store.
  1272 | D:2      | Bought a potion of heal wounds for 70 gold pieces
  1302 | D:2      | Reached skill level 4 in Axes
  2295 | D:3      | Reached XP level 5. HP: 40/46 MP: 5/5
  2592 | D:4      | Became a worshipper of Beogh the Brigand
  2650 | D:4      | Noticed a black bear
  2660 | D:4      | Killed a black bear
  2661 | D:4      | Reached skill level 5 in Axes
  2661 | D:4      | Reached XP level 6. HP: 50/53 MP: 4/6
  2903 | D:4      | Found a runed translucent door.
  2932 | D:4      | Noticed ranchalot's ghost (amateur DsCK)
  3055 | D:4      | Reached * piety under Beogh
  3109 | D:4      | Reached skill level 5 in Fighting
  3109 | D:4      | Reached skill level 6 in Axes
  3109 | D:4      | Reached XP level 7. HP: 54/61 MP: 7/7
  3556 | D:4      | Found a sacrificial altar of Ru.
  3702 | D:5      | Entered Level 5 of the Dungeon
  3751 | D:5      | Found a staircase to the Ecumenical Temple.
  3914 | D:5      | Reached skill level 5 in Armour
  3914 | D:5      | Reached skill level 5 in Shields
  4105 | D:5      | Found a glowing golden altar of the Shining One.
  4169 | D:5      | Found a broken altar of Ashenzari.
  4169 | D:5      | Found an iron altar of Okawaru.
  4220 | D:5      | Reached skill level 7 in Axes
  4220 | D:5      | Reached XP level 8. HP: 69/69 MP: 8/8
  4332 | D:5      | Found a runed translucent door.
  4333 | D:5      | Noticed Crazy Yiuf
  4465 | D:5      | Killed Crazy Yiuf
  4788 | D:2      | Bought a scroll of enchant armour for 105 gold pieces
  4986 | D:6      | Noticed a hornet
  5013 | D:6      | Paralysed by a hornet for 2 turns
  5036 | D:6      | Paralysed by a hornet for 2 turns
  5039 | D:6      | Mangled by a hornet

Illustrated notes

Levels and vault maps discovered:
D:1:      minmay_arrival_semitransparent, layout_basic, serial_curves,
          eino_curves_03, eino_curves_02, eino_curves_01, eino_curves_02,
          dreamdust_ecumenical_altar_grove, minmay_tiny_reverse_x
D:2:      layout_rooms, serial_curves, eino_curves_01, eino_curves_02,
          eino_curves_02, eino_curves_01, serial_shops,
          nicolae_shop_window_shopping
D:3:      layout_loops_cross
D:4:      layout_cave_pools, mainiacjoe_overflow_brackets,
          hellmonk_ghost_happy_afterlife
D:5:      layout_cave_pools, gammafunk_temple_overflow_pools,
          kennysheep_mini_moat, minmay_temple_entry_grid,
          uniq_crazy_yiuf_cottage
D:6:      layout_cave_pods, nemelex_xobeh_ov_fountains_minmay

Skill      XL: |  1  2  3  4  5  6  7 |
---------------+----------------------+-----
Axes           | 3 4 5 6 7 |  7.5
Fighting       | 4 5 |  5.7
Maces & Flails | 1 2 3 |  3.6
Armour         | 4 5 |  5.3
Shields        | 4 5 |  5.3

Action                     |  1- 3 |  4- 6 |  7- 9 || total
---------------------------+-------+-------+-------++-------
  Melee: War axe           |   100 |   184 |    71 ||   355
  Throw: Dart              |       |     5 |    12 ||    17
 Invoke: Convert to Beogh  |       |     1 |       ||     1
    Use: Scroll            |     6 |     3 |     4 ||    13
         Potion            |       |     3 |     3 ||     6
 Armour: Scale mail        |    62 |   107 |    35 ||   204
  Dodge: Dodged            |    55 |    79 |    23 ||   157
  Block: Buckler           |    23 |    44 |    14 ||    81
